 Dungeon Crawl Stone Soup version 0.24.0-13-gcf9b3192b9 (webtiles) character file.

Game seed: 4241024736787292065, levelgen mode: deterministic

1359 Metae the Caller (level 8, -5/57 HPs)
             Began as a Merfolk Summoner on Nov 8, 2019.
             Was an Initiate of Kikubaaqudgha.
             Slain by a spriggan baker
             ... wielding a +0 dagger
              (6 damage)
             ... on level 7 of the Dungeon.
             The game lasted 01:18:59 (10320 turns).

Metae the Caller (Merfolk Summoner)                Turns: 10320, Time: 01:18:59

Health: -5/57      AC:  4    Str:  8    XL:     8   Next: 64%
Magic:  12/17      EV: 13    Int: 17    God:    Kikubaaqudgha [......]
Gold:   342        SH:  0    Dex: 14    Spells: 6/19 levels left

rFire    . . .     SeeInvis .   a - +3 hand axe (freeze)
rCold    . . .     Gourm    .   (no shield)
rNeg     . . .     Faith    .   d - +0 robe
rPois    .         Spirit   .   r - +0 helmet
rElec    .         Reflect  .   (no cloak)
rCorr    .         Harm     .   u - +0 pair of gloves
MR       +....                  (no boots)
Stlth    ++........             (no amulet)
HPRegen  0.19/turn              c - ring of protection from magic
MPRegen  0.15/turn              (no ring)

@: drained
A: change form in water, swift swim, stealthy swim
a: Renounce Religion


You were on level 7 of the Dungeon.
You worshipped Kikubaaqudgha.
Kikubaaqudgha was noncommittal.
You were not hungry.

You visited 1 branch of the dungeon, and saw 7 of its levels.
You also visited: Ossuary.

You collected 342 gold pieces.

Inventory:

Hand Weapons
 a - a +3 hand axe of freezing (weapon)
 b - a +2 shortbow of freezing
 t - a +1 dagger of venom
 B - a +0 hunting sling
 C - a +0 great sword
 L - a +1 hand axe
Missiles
 g - 8 silver boomerangs (quivered)
 D - 74 arrows
Armour
 d - a +0 robe (worn)
 r - a +0 helmet (worn)
 u - a +0 pair of gloves (worn)
 K - a +0 cloak
Jewellery
 c - a ring of protection from magic (left hand)
 G - a +2 ring of intelligence
Wands
 l - a wand of disintegration (19)
 F - a wand of polymorph (7)
 H - a wand of random effects (15)
Scrolls
 e - 4 scrolls of enchant weapon
 i - 3 scrolls of teleportation
 k - 2 scrolls of remove curse
 n - 6 scrolls of enchant armour
 p - a scroll of fear
 q - 6 scrolls of random uselessness
 y - 2 scrolls of immolation
 z - a scroll of noise
 A - a scroll of vulnerability {unknown}
 E - a scroll of identify
 I - a scroll of blinking
Potions
 f - 3 potions of ambrosia {unknown}
 h - 4 potions of degeneration
 j - 2 potions of haste
 m - 5 potions of flight
 o - 2 potions of brilliance {unknown}
 s - 4 potions of lignification
 v - a potion of cancellation {unknown}
 w - 2 potions of curing
 x - 2 potions of mutation {unknown}


   Skills:
 - Level 2.4(1.8) Fighting
 - Level 3.3(2.7) Dodging
 - Level 2.1(1.6) Stealth
 + Level 6.4(5.8) Spellcasting
 + Level 7.7(7.1) Summonings
 + Level 2.6(2.1) Ice Magic


You had 6 spell levels left.
You knew the following spells:

 Your Spells              Type           Power        Failure   Level  Hunger
a - Summon Small Mammal   Summ           ####         1%          1    None
b - Call Imp              Summ           ####....     1%          2    #......
c - Summon Guardian Gole  Hex/Summ       ###.....     9%          3    ##.....
d - Call Canine Familiar  Summ           ####....     2%          3    ##.....
e - Summon Ice Beast      Ice/Summ       ###.....     21%         4    ####...

Your spell library contained the following spells:

 Spells                   Type           Power        Failure   Level  Hunger
 Summon Lightning Spire   Summ/Air       ###.....     30%         4    ####...


Dungeon Overview and Level Annotations

Branches:
Dungeon (7/15)             Temple (0/1) D:7         Ossuary (visited)

Altars:
Dithmenos
Elyvilon
Fedhas
Hepliaklqana
Kikubaaqudgha
Qazlal
Trog
Vehumet
Zin
The Shining One

Shops:
D:7 (


Message History

Your ice beast completely misses the spriggan baker.
The spriggan baker closely misses you.
The spriggan baker hits you with a +0 dagger.
You see here a long sword.
Casting: Summon Ice Beast (slightly dangerous; 21% risk of failure)
Confirm with . or Enter, or press ? or * to list all spells.
The spriggan baker hits you with a +0 dagger!
* * * LOW HITPOINT WARNING * * *
Your ice beast closely misses the spriggan baker.
The spriggan baker closely misses you.
Your hound bites the spriggan baker but does no damage.
Your hound bites the spriggan baker.
You feel better.
Your hound misses the spriggan baker.
The spriggan baker hits you with a +0 dagger!
* * * LOW HITPOINT WARNING * * *
Your hound completely misses the spriggan baker.
Your ice beast completely misses the spriggan baker.
The spriggan baker hits you with a +0 dagger.
You die...
Kikubaaqudgha rasps: "You have failed me!
Welcome... death!"

#.+......#.######.#..#
########......#.....##.#..##
#.'..%##......#.....##.#)..#
#.# #......#.....####.#.##
#.# #####'###..>..........#
#.# #...### #.#.######..#.#
#.#####...#####.#.#.# #..#.#
#.#......Y......#.#.# #..#.#
#.......).hi@...#.#.# #..#.#
#####'####......#.#.# #.....
#.# #..........# #..#..
#.####......#.#.####.....
#...........#............
#...........#.###........
##......#.....###.##.....
#......#.........##..##.
#......#...#.#####.....#


You could see a spriggan baker, a friendly ice beast and a friendly hound.

Vanquished Creatures
  An ogre (D:5)
  A bullfrog (D:6)
  3 wights (D:7)
  A howler monkey (D:6)
  An orc priest (D:4)
  A jelly (D:7)
  An adder (D:4)
  An adder skeleton (D:4)
  3 leopard geckos
  An orc (D:4)
  5 bats
  2 giant cockroaches
  4 hobgoblins
  3 kobolds
  A quokka (D:6)
  A ball python (D:1)
  A frilled lizard (D:2)
  3 goblins
  A goblin skeleton (D:5)
  A hobgoblin zombie (D:5)
  3 rats
39 creatures vanquished.

Vanquished Creatures (collateral kills)
  An ice beast (D:7)
  5 ogres
  3 centaurs
  Blork the orc (D:5)
  3 bullfrogs
  2 wights (D:7)
  2 howler monkeys
  A crimson imp (D:5)
  2 hounds
  2 human zombies (Ossuary)
  An orc priest (D:3)
  A centaur skeleton (D:4)
  An iguana (D:4)
  3 orc wizards (D:4)
  4 worker ants
  A big kobold zombie (Ossuary)
  3 mummies (Ossuary)
  3 gnolls (D:5)
  6 adders
  2 oozes (D:1)
  An adder zombie (D:5)
  An adder skeleton (D:5)
  5 worms
  5 leopard geckos
  12 orcs
  2 ball pythons
  8 giant cockroaches
  5 goblins
  6 hobgoblins
  4 jackals (D:2)
  9 kobolds
  2 quokkas (D:4)
  10 bats
  6 frilled lizards
  3 gnoll zombies (Ossuary)
  4 goblin zombies
  A hobgoblin zombie (D:5)
  2 kobold skeletons (D:5)
  A kobold zombie (D:5)
  2 orc skeletons (D:5)
  A quokka skeleton (D:4)
  4 rats
141 creatures vanquished.

Grand Total: 180 creatures vanquished

Notes
Turn   | Place    | Note
-------+----------+-------------------------------------------
     0 | D:1      | Metae the Merfolk Summoner began the quest for the Orb.
     0 | D:1      | Reached XP level 1. HP: 13/13 MP: 3/3
   472 | D:1      | Reached XP level 2. HP: 20/20 MP: 1/5
   476 | D:1      | Learned a level 2 spell: Call Imp
   682 | D:1      | Reached skill level 1 in Fighting
  1288 | D:2      | Reached XP level 3. HP: 26/26 MP: 0/6
  1532 | D:2      | Learned a level 3 spell: Summon Guardian Golem
  1899 | D:2      | Reached XP level 4. HP: 33/33 MP: 3/8
  2206 | D:2      | Found a stormy altar of Qazlal.
  3449 | D:3      | Found a radiant altar of Vehumet.
  3464 | D:3      | Reached XP level 5. HP: 39/39 MP: 1/9
  3646 | D:3      | Learned a level 3 spell: Call Canine Familiar
  3806 | D:4      | Noticed an ogre
  3904 | D:3      | Killed an ogre
  3904 | D:3      | Reached skill level 5 in Summonings
  4246 | D:4      | Reached XP level 6. HP: 39/46 MP: 4/11
  4344 | D:4      | Found a sand-covered staircase.
  4354 | Ossuary  | Entered an ossuary
  5453 | D:4      | Reached XP level 7. HP: 35/51 MP: 7/13
  5484 | D:4      | Reached skill level 6 in Summonings
  5613 | D:4      | Found a shadowy altar of Dithmenos.
  5790 | D:5      | Entered Level 5 of the Dungeon
  6310 | D:5      | You fall into a shaft and drop 1 floor!
  6406 | D:6      | Reached skill level 5 in Spellcasting
  6751 | D:5      | Noticed Blork the orc
  6760 | D:5      | Killed Blork the orc
  7140 | D:5      | Found a glowing golden altar of the Shining One.
  7614 | D:5      | Found a hazy altar of Hepliaklqana.
  7614 | D:5      | Found a white marble altar of Elyvilon.
  8053 | D:6      | Reached skill level 7 in Summonings
  8053 | D:6      | Reached XP level 8. HP: 36/57 MP: 11/16
  8687 | D:6      | Found an ancient bone altar of Kikubaaqudgha.
  8694 | D:6      | Found a glowing silver altar of Zin.
  8709 | D:6      | Found a blossoming altar of Fedhas.
  8802 | D:6      | Became a worshipper of Kikubaaqudgha
  8920 | D:7      | Learned a level 4 spell: Summon Ice Beast
  9028 | D:7      | Found a staircase to the Ecumenical Temple.
  9098 | D:7      | Found a bloodstained altar of Trog.
  9285 | D:7      | Reached skill level 1 in Ice Magic
  9911 | D:7      | Found Ofreuge's Antique Weapon Shoppe.
 10302 | D:7      | Noticed a spriggan baker
 10318 | D:7      | HP: 1/57 [spriggan baker/+0 dagger (12)]
 10320 | D:7      | Slain by a spriggan baker

Levels and vault maps discovered:
D:1:      dpeg_cavernosity, layout_basic
D:2:      layout_loops_cross, lemuel_doored_altar, serial_glass,
          glass_columns_a, glass_columns_a, glass_columns_c, st_stairs_7,
          kennysheep_cross_room
D:3:      layout_basic, lemuel_crystal_altar, kennysheep_decorative_pillar,
          chequers_serial_rivers_micro_b, minmay_unequal
D:4:      layout_rooms, nicolae_dithmenos_the_darkroom,
          lightli_ossuary_entry_decrepit_ruins, minmay_misc_feat_x,
          minmay_goblin_kobold_house
D:5:      layout_basic, nicolae_tso_besieged_by_evil,
          gammafunk_temple_overflow_elements, first_ration, hex_large,
          uniq_blork_the_orc
D:6:      layout_loops_cross, minmay_overflow_temple_star_quad,
          grunt_decor_arrowhead
D:7:      layout_basic, marbit_many_paths, kennysheep_little_box,
          nicolae_overflow_crystal_walls, minmay_temple_entry_mist,
          serial_shops, shop, the_bakery

Skill      XL: |  1  2  3  4  5  6  7  8 |
---------------+-------------------------+-----
Dodging        | 3 |  3.3
Fighting       | 1 2 |  2.4
Spellcasting   | 3 4 5 6 |  6.4
Summonings     | 5 7 |  7.7
Ice Magic      | 2 |  2.6
Stealth        | |  2.1

Action                   |  1- 3 |  4- 6 |  7- 9 || total
-------------------------+-------+-------+-------++-------
Melee: Hand axe          |    56 |   115 |   118 ||   289
 Fire: Hunting sling     |       |     2 |       ||     2
       Shortbow          |       |       |    22 ||    22
 Cast: Summon Small Mamm |    20 |     6 |     6 ||    32
       Call Imp          |    23 |    49 |    29 ||   101
       Summon Guardian G |     2 |     6 |     7 ||    15
       Call Canine Famil |       |    18 |    27 ||    45
       Summon Ice Beast  |       |       |     9 ||     9
  Use: Scroll            |       |    16 |     2 ||    18
       Potion            |       |     1 |     3 ||     4
 Stab: Sleeping          |       |     4 |     2 ||     6
       Distracted        |       |       |     2 ||     2
  Eat: Chunk             |     2 |    10 |     3 ||    15
       Ration            |     1 |     2 |     5 ||     8
Armor: Robe              |    16 |    43 |    30 ||    89
Dodge: Dodged            |    62 |   177 |   130 ||   369
